 Dungeon Crawl Stone Soup version 0.25.1-2-g60ff931df9 (webtiles) character file.

Game seed: 15692775036522743305

273 Antenora the Skirmisher (level 6, -4/53 HPs)
             Began as a Draconian Abyssal Knight on Nov 5, 2020.
             Was a Believer of Lugonu.
             Slain by a sky beast (6 damage)
             ... on level 5 of the Dungeon.
             The game lasted 00:15:05 (3320 turns).

Antenora the Skirmisher (Draconian Abyssal Knight)  Turns: 3320, Time: 00:15:05

Health: -4/53      AC:  6    Str: 17    XL:     6   Next: 3%
Magic:  7/8        EV: 13    Int: 12    God:    Lugonu [**....]
Gold:   162        SH:  0    Dex: 10    Spells: 5/5 levels left

rFire    . . .     SeeInvis .   a - +1 falchion
rCold    . . .     Gourm    .   (no shield)
rNeg     . . .     Faith    .   (armour unavailable)
rPois    .         Spirit   .   (helmet restricted)
rElec    .         Reflect  .   (no cloak)
rCorr    .         Harm     .   (no gloves)
MR       .....                  (no boots)
Stlth    +.........             (no amulet)
HPRegen  0.17/turn              (no ring)
MPRegen  0.11/turn              (no ring)

@: no status effects
A: unfitting armour, cold-blooded, AC +6
a: Depart the Abyss, Bend Space, Renounce Religion


You were on level 5 of the Dungeon.
You worshipped Lugonu.
Lugonu was pleased with you.
You were full.

You visited 1 branch of the dungeon, and saw 5 of its levels.
You visited the Abyss 1 time.

You collected 162 gold pieces.

Inventory:

Hand Weapons
 a - a +1 falchion (weapon)
Armour
 h - +0 shadow dragon scales
Jewellery
 f - an uncursed ring of fire
Scrolls
 e - 3 scrolls of remove curse
 g - a scroll of teleportation
 j - 4 scrolls of identify
Potions
 c - a potion of lignification
 d - a potion of haste
Comestibles
 b - a ration


   Skills:
 + Level 4.5 Fighting
 + Level 4.3 Long Blades
 + Level 3.2 Dodging
 - Level 0.1 Stealth
 * Level 3.2 Invocations


You had 5 spell levels left.
You didn't know any spells.
Your spell library was empty.

Dungeon Overview and Level Annotations

Branches:
Dungeon (5/15)
 Temple: D:4-7

Altars:
Zin


Innate Abilities, Weirdness & Mutations

Your plain brown scales are hard. (AC +6)
You cannot fit into any form of body armour.
You are cold-blooded and may be slowed by cold attacks.


Message History

You closely miss the sky beast.
You tail-slap the sky beast, but do no damage.
The sky beast is almost dead.
The sky beast flickers out of sight!
Deactivating autopickup; reactivate with Ctrl-A.
Something hits you.
* * * LOW HITPOINT WARNING * * *
Something shocks you.
* * * LOW HITPOINT WARNING * * *
Space bends around you!
You blink.
A sky beast appears from thin air!
Reactivating autopickup.
The sky beast flickers out of sight!
Deactivating autopickup; reactivate with Ctrl-A.
Space bends around you!
You blink.
You miss something. Something hits you but does no damage.
You barely miss something. Something hits you.
* * * LOW HITPOINT WARNING * * *
Something shocks you.
You die...

#.##########
#.# #.# #.#
#.# #.# #.#
#{# #@# #.#
#.########
#.........
#.########
###


There were no monsters in sight!

Vanquished Creatures
  A crimson imp (D:5)
  A bullfrog skeleton (D:4)
  An iguana (D:4)
  2 worker ants
  5 adders
  2 worms (D:2)
  A dart slug (D:1)
  3 leopard geckos
  6 orcs
  2 giant cockroaches (D:1)
  5 goblins
  4 hobgoblins (D:1)
  7 jackals
  5 kobolds
  4 quokkas
  4 ball pythons
  10 bats
  3 frilled lizards
  6 rats
72 creatures vanquished.

Notes
Turn   | Place    | Note
-------+----------+-------------------------------------------
     0 | Abyss:1  | Antenora the Draconian Abyssal Knight began the quest for
                  | the Orb.
     0 | Abyss:1  | Reached XP level 1. HP: 19/19 MP: 2/2
    73 | D:1      | Escaped the Abyss
   242 | D:1      | Reached XP level 2. HP: 26/26 MP: 3/3
   437 | D:1      | Reached * piety under Lugonu
   572 | D:1      | Reached XP level 3. HP: 33/33 MP: 4/4
   613 | D:2      | Found a glowing silver altar of Zin.
  1457 | D:2      | Reached XP level 4. HP: 30/40 MP: 5/5
  1630 | D:3      | Reached ** piety under Lugonu
  2399 | D:4      | Reached XP level 5. HP: 21/46 MP: 7/7
  3085 | D:5      | Entered Level 5 of the Dungeon
  3271 | D:5      | Reached XP level 6. HP: 35/53 MP: 8/8
  3301 | D:5      | Noticed a sky beast
  3320 | D:5      | HP: 2/53 [something (1)]
  3320 | D:5      | Slain by a sky beast

Illustrated notes

Levels and vault maps discovered:
D:1:      dpeg_arrival_pond, layout_basic, grunt_decor_one_mirror
D:2:      layout_loops_ring, zin_statuary, first_ration, minmay_circle_x
D:3:      layout_loops_ring, serial_co_window_serial, co_window_paths_a,
          co_window_paths_a, co_window_paths_a, co_window_corner_a,
          co_window_corner_a, co_window_2corner, co_window_of_opportunity_b,
          co_window_of_opportunity_b, glass_columns_c
D:4:      cheibrodos_quashed, layout_loops_ring, nrook_loot_triangle,
          minmay_misc_feat_tower
D:5:      layout_basic, yredelemnul_altar_generic, minmay_temple_entry_arrows

Skill      XL: |  1  2  3  4  5 |
---------------+----------------+-----
Fighting       | 4 |  4.5
Long Blades    | 3 4 |  4.3
Dodging        | 3 |  3.2
Invocations    | 3 |  3.2
Stealth        | |  0.1

Action                   |  1- 3 |  4- 6 || total
-------------------------+-------+-------++-------
Melee: Falchion          |    91 |   134 ||   225
       Tailslap          |    10 |    18 ||    28
Invok: Depart the Abyss  |     1 |       ||     1
       Bend Space        |       |     3 ||     3
  Use: Scroll            |     4 |     2 ||     6
       Potion            |       |     4 ||     4
  Eat: Ration            |     1 |     3 ||     4
Armor: Skin              |    36 |    50 ||    86
Dodge: Dodged            |    98 |    95 ||   193
       Rpst.: Falchion   |    34 |    34 ||    68
